cohdb
Replays
Latest Replays
All Replays
Popular Replays
Top Player Replays
Match Explorer
How It Works
Community
CoH3 Stats
Reddit
Sign in to upload your games and track your stats! →
Sign in with Steam
Match 43407198
Unlisted
Match 43407198
Overview
Messages
Build Orders
End
Pioneer Squad
Construct Infanterie Kompanie
MG 42 Machine Gun Team
Grenadier Squad
Grenadier Squad
Construct Panzergrenadier Kompanie
Pak 40 Anti-tank Gun Team
Support Elements
Nebelwerfer 42 Rocket Launcher Team
Selects Breakthrough Battlegroup
Selects Assault Grenadiers
Selects Breakthrough
Selects Mechanized Assault Group
Construct Panzer Kompanie
Pak 40 Anti-tank Gun Team
Stoßtruppen Squad
Selects Rapid Production
Selects Blitzkrieg
Panzer IV Medium Tank
Panzer Officer Quarters
JVevermore
KoalaImpala
Tanith's Finest
NinjaAssassin
McVodka
MERCENARYCORPS
0
0
Comments
sign in to comment!
No comments posted yet!